 Dungeon Crawl Stone Soup version 0.28.0-47-ge53b351184 (webtiles) character file.

Game seed: 4526368882689188345

1379 101zpm the Thaumaturge (level 8, -3/45 HPs)
             Began as a Djinni Fire Elementalist on May 2, 2022.
             Was a Believer of Hepliaklqana.
             Slain by a killer bee (7 damage)
             ... on level 7 of the Dungeon.
             The game lasted 00:08:33 (5376 turns).

101zpm the Thaumaturge (Djinni Fire Elementalist)   Turns: 5376, Time: 00:08:34

Health: -3/45      AC:  2    Str:  7    XL:     8   Next: 99%
Gold:   150        EV: 12    Int: 18    God:    Hepliaklqana [**....] SH:  0 Dex: 15

rFire   + + .      SeeInvis .   (no weapon)
rCold   x . .      Faith    .   (no shield)
rNeg    . . .      Spirit   .   a - +0 robe
rPois   ∞          Reflect  .   (no helmet)
rElec   .          Harm     .   (no cloak)
rCorr   +          Rampage  .   (no gloves)
Will    .....                   (boots unavailable)
Stlth   ++........              (no amulet)
HPRegen 0.15/turn               d - ring of resist corrosion
MPRegen 0.00/turn               (no ring)

@: flying
A: reduced essence, sickness immunity, fire resistance 2, cold vulnerability 1,
float, innate caster, HP casting, extra vitality 1
a: Renounce Religion, Recall Ancestor, Ancestor Identity


You were on level 7 of the Dungeon.
You worshipped Hepliaklqana.
Hepliaklqana was pleased with you.
You visited 2 branches of the dungeon, and saw 8 of its levels.

You collected 150 gold pieces.

Inventory:

Armour
 a - a +0 robe (worn)
Magical Staves
 s - a staff of earth
Jewellery
 d - a ring of resist corrosion (left hand)
 t - an amulet of reflection
Scrolls
 b - 3 scrolls of torment {unknown}
 c - 2 scrolls of holy word {unknown}
 h - a scroll of brand weapon {unknown}
 l - a scroll of noise {unknown}
 o - a scroll of magic mapping {unknown}
 p - a scroll of blinking {unknown}
 r - a scroll of fog {unknown}
Potions
 e - a potion of berserk rage {unknown}
 f - 3 potions of heal wounds {unknown}
 g - 2 potions of cancellation {unknown}
 i - a potion of magic {unknown}
 j - a potion of attraction {unknown}
 k - 2 potions of curing {unknown}
 m - a potion of flight {unknown}
 n - a potion of haste {unknown}
 q - a potion of lignification {unknown}


   Skills:
 + Level 0.3 Fighting
 + Level 2.4 Dodging
 + Level 2.9 Stealth
 + Level 8.0 Spellcasting


You had 4 spell levels left.
You knew the following spells:

 Your Spells              Type           Power      Damage    Failure   Level
a - Foxfire               Conj/Fire      100%       2x1d9     1%          1
b - Scorch                Fire           72%        2d9       1%          2
c - Conjure Flame         Conj/Fire      36%        6-21      1%          3
d - Inner Flame           Hex/Fire       36%        N/A       1%          3
e - Flame Wave            Conj/Fire      36%        2d9       3%          4
f - Magic Dart            Conj           100%       1d8       1%          1
g - Ensorcelled Hibernat  Hex/Ice        72%        N/A       1%          2
h - Gell's Gravitas       Tloc           36%        N/A       1%          3
Your spell library was empty.

Dungeon Overview and Level Annotations

Branches:
Dungeon (7/15)             Temple (1/1) D:4

Altars:
Ashenzari
Cheibriados
Dithmenos
Elyvilon
Fedhas
Gozag
Hepliaklqana
Kikubaaqudgha
Makhleb
Nemelex Xobeh
Okawaru
Qazlal
Ru
Sif Muna
Trog
Uskayaw
Vehumet
Wu Jian
Xom
Yredelemnul
Zin
The Shining One

Annotations:
D:4 Grinder


Innate Abilities, Weirdness & Mutations

Your life essence is reduced to manifest your ancestor. (-10% HP)
You are immune to sickness and miasma.
You are immune to poison.
Your flesh is very heat resistant. (rF++)
You are vulnerable to cold. (rC-)
You float through the air rather than walking.
You learn spells naturally, not from books.
Your magical power is your life essence.
You have superior vitality. (+4 MHP)


Message History

The killer bee's fire resistance burns away.
The foxfire hits the killer bee.
The killer bee is lightly wounded.
The killer bee barely misses you. x2
Appia gestures at the killer bee while chanting.
The puff of frost hits the killer bee.
The killer bee barely misses you.
You conjure some foxfire!
The killer bee closely misses Appia.
The killer bee barely misses you. The killer bee stings you.
The killer bee misses Appia.
The killer bee completely misses you.
Appia misses the killer bee.
The killer bee barely misses you.
Casting: Foxfire (safe; 1% risk of failure)
Confirm with . or Enter, or press ? or * to list all spells.
Flames lash the killer bee.
You kill the killer bee!
The foxfire hits the killer bee.
The killer bee is almost dead.
The foxfire hits the killer bee.
The killer bee is lightly wounded.
The killer bee completely misses you. The killer bee barely misses you.
Appia misses the killer bee.
The killer bee stings you.
You are too injured to fight recklessly!
Casting: Scorch (safe; 1% risk of failure)
Confirm with . or Enter, or press ? or * to list all spells.
Casting: Flame Wave (dangerous; 4% risk of failure)
Press: ? - help, Dir - look around, f - activate A wave of flame ripples out!
Appia avoids your attack.
The flame wave engulfs the killer bee!
The killer bee is severely wounded.
The flame wave engulfs the killer bee!
You kill the killer bee!
The flame wave engulfs the killer bee!
You kill the killer bee! (Press . to intensify the flame waves.)
The killer bee barely misses you. The killer bee stings you!
* * * LOW HITPOINT WARNING * * *
Your Spellcasting skill increases to level 8!
The killer bee stings you.
* * * LOW HITPOINT WARNING * * *
Appia barely misses the killer bee.
The killer bee stings you!
You die...

.#....#............#....#..#
.+....#............#....#..#
.#....#............#....#..#
.#....#'#################..#
.##..............# ######
..#..............# ..#
..#..............# ...#
..#..............# ....#
..#.............@#.....#
..#.............y'.....#
###.............R#...###
#.....################
#.....# #.....# #.....#
#.....# #.....#


You could see the friendly Appia the battlemage and a killer bee (ally target).

Vanquished Creatures
  A wraith (D:7)
  A steam dragon (D:6)
  A water moccasin (D:6)
  An ice beast (D:6)
  An orc warrior (D:6)
  A sky beast (D:6)
  An ogre (D:6)
  A phantom (D:6)
  3 killer bees (D:7)
  A bullfrog zombie (D:5)
  A centaur skeleton (D:6)
  An orc priest (D:6)
  A hound (D:6)
  3 orc wizards (D:6)
  3 adders
  A shadow imp (D:6)
  9 orcs
  An endoplasm (D:2)
  4 giant cockroaches
  A goblin (D:3)
  A hobgoblin (D:2)
  2 quokkas
  A ball python (D:3)
  2 bats
  A frilled lizard (D:3)
  2 kobolds (D:3)
  A rat (D:3)
47 creatures vanquished.

Vanquished Creatures (collateral kills)
  A wyvern (D:7)
  A killer bee zombie (D:7)
  2 foxfires (D:4)
4 creatures vanquished.

Vanquished Creatures (others)
  313 foxfires
313 creatures vanquished.

Grand Total: 364 creatures vanquished

Notes
Turn   | Place    | Note
-------+----------+-------------------------------------------
     0 | D:1      | 101zpm the Djinni Fire Elementalist began the quest for the
                  | Orb.
     0 | D:1      | Reached XP level 1. HP: 15/15 MP: 0/0
   458 | D:4      | Reached XP level 2. HP: 16/21 MP: 0/0
   617 | D:4      | Found a staircase to the Ecumenical Temple.
   628 | Temple   | Entered the Ecumenical Temple
  1270 | Temple   | Became a worshipper of Hepliaklqana the Forgotten
  1801 | D:4      | Noticed Grinder
  2278 | D:3      | Reached skill level 3 in Spellcasting
  2278 | D:3      | Reached XP level 3. HP: 22/25 MP: 0/0
  2278 | D:3      | Learned a level 1 spell: Magic Dart
  2486 | D:3      | Reached * piety under Hepliaklqana
  2533 | D:5      | Entered Level 5 of the Dungeon
  2854 | D:5      | Reached XP level 4. HP: 20/27 MP: 0/0
  3002 | D:6      | Found a sacrificial altar of Ru.
  3037 | D:6      | Noticed a water moccasin
  3043 | D:6      | Killed a water moccasin
  3044 | D:6      | Reached skill level 4 in Spellcasting
  3044 | D:6      | Reached XP level 5. HP: 13/31 MP: 0/0
  3044 | D:6      | Learned a level 2 spell: Ensorcelled Hibernation
  3258 | D:6      | Reached XP level 6. HP: 28/36 MP: 0/0
  3495 | D:6      | Reached skill level 5 in Spellcasting
  3586 | D:6      | Noticed an ice beast
  3591 | D:6      | Killed an ice beast
  3592 | D:6      | Reached XP level 7. HP: 33/40 MP: 0/0
  3592 | D:6      | Learned a level 3 spell: Gell's Gravitas
  3873 | D:6      | Reached skill level 6 in Spellcasting
  4096 | D:6      | Noticed a steam dragon
  4100 | D:6      | Killed a steam dragon
  4101 | D:6      | Reached XP level 8. HP: 31/45 MP: 0/0
  4340 | D:6      | Reached skill level 7 in Spellcasting
  5084 | D:7      | Reached ** piety under Hepliaklqana
  5085 | D:7      | Remembered your ancestor Appia as a battlemage
  5155 | D:7      | Noticed a wyvern
  5158 | D:7      | Killed a wyvern
  5232 | D:7      | Noticed a wraith
  5236 | D:7      | Killed a wraith
  5376 | D:7      | Reached skill level 8 in Spellcasting
  5376 | D:7      | Slain by a killer bee

Illustrated notes

Levels and vault maps discovered:
D:1:      minmay_arrival_diagonal_passages, layout_basic,
          hellmonk_ecumenical_altar_run_dry, minmay_pentomino_r4
D:2:      layout_loops_cross, serial_shops, nicolae_shop_stone,
          guppyfry_early_lair_pool
D:3:      layout_basic
D:4:      layout_rooms, minmay_temple_entry_gardened_gates, uniq_grinder
D:5:      layout_basic, kennysheep_pointless_box, dk_noncrumbling_3
D:6:      layout_basic, nicolae_ru_sacrificial_ziggurat
D:7:      layout_gridville
Temple:   nicolae_temple_the_god_donut

Skill      XL: |  1  2  3  4  5  6  7  8 |
---------------+-------------------------+-----
Spellcasting   | 3 4 5 6 8 |  8.0
Stealth        | 2 |  2.9
Fighting       | |  0.3
Dodging        | |  2.4

Action                   |  1- 3 |  4- 6 |  7- 9 || total
-------------------------+-------+-------+-------++-------
 Cast: Foxfire           |   105 |    26 |    61 ||   192
       Scorch            |     2 |     2 |     7 ||    11
       Inner Flame       |     4 |     8 |    15 ||    27
       Gell's Gravitas   |       |       |     1 ||     1
       Flame Wave        |       |       |     1 ||     1
Invok: Ancestor Life: Ba |       |       |     1 ||     1
Armor: Robe              |       |       |     1 ||     1
Dodge: Dodged            |       |       |    11 ||    11
